 Dungeon Crawl Stone Soup version 0.24-a0-479-g9a978d2894 (webtiles) character file.

Game seed: 18406570409023436012

261 Elric the Covered (level 6, -6/47 HPs)
             Began as a Gnoll Wanderer on July 8, 2019.
             Mangled by Crazy Yiuf
             ... wielding a +3 quarterstaff of chaos
              (11 damage)
             ... on level 2 of the Dungeon.
             The game lasted 00:03:16 (2066 turns).

Elric the Covered (Gnoll Wanderer)                  Turns: 2066, Time: 00:03:17

Health: -6/47      AC:  4    Str: 16    XL:     6   Next: 18%
Magic:  7/8        EV: 12    Int: 13    God:
Gold:   100        SH:  0    Dex: 16    Spells: 8/8 levels left

rFire    . . .     SeeInvis .   r - +0 scythe
rCold    . . .     Gourm    .   (shield currently unavailable)
rNeg     . . .     Faith    .   q - +2 robe {Archmagi}
rPois    .         Spirit   .   (no helmet)
rElec    .         Reflect  .   (no cloak)
rCorr    .         Harm     .   (no gloves)
MR       .....                  (no boots)
Stlth    +++.......             (no amulet)
HPRegen  0.15/turn              m - ring of stealth
MPRegen  0.11/turn              (no ring)

@: lethally poisoned (-6 -> -8)
A: distributed training, fangs 1, strong nose
a: no special abilities


You were on level 2 of the Dungeon.
You were near starving.

You visited 1 branch of the dungeon, and saw 2 of its levels.

You collected 100 gold pieces.

Inventory:

Hand Weapons
 a - a +0 hand crossbow
 h - a +0 hunting sling
 r - a +0 scythe (weapon)
Missiles
 c - 27 bolts
 s - 5 javelins (quivered)
Armour
 d - a +0 ring mail
 e - a +0 scale mail
 j - a +0 plate armour
 q - a +2 robe of the Archmagi (worn)
Jewellery
 m - a ring of stealth (left hand)
Scrolls
 g - 6 scrolls of identify {unknown}
 i - a scroll of amnesia {unknown}
 k - 2 scrolls of fog {unknown}
 l - a scroll of enchant weapon {unknown}
 t - a scroll of enchant armour {unknown}
Potions
 n - a potion of degeneration {unknown}
 o - 2 potions of might {unknown}
 p - a potion of invisibility {unknown}
 u - a potion of heal wounds {unknown}
 v - a potion of curing {unknown}
Miscellaneous
 b - a box of beasts
Comestibles
 f - 3 rations


   Skills:
 + Level 3.1 Fighting
 + Level 1.8 Short Blades
 + Level 1.8 Long Blades
 + Level 1.8 Axes
 + Level 1.8 Maces & Flails
 + Level 1.8 Polearms
 + Level 1.8 Staves
 + Level 1.8 Slings
 + Level 4.9 Bows
 + Level 4.9 Crossbows
 + Level 1.8 Throwing
 + Level 6.8 Armour
 + Level 1.8 Dodging
 + Level 1.8 Stealth
 + Level 3.1 Shields
 + Level 1.8 Unarmed Combat
 + Level 1.8 Spellcasting
 + Level 1.4 Conjurations
 + Level 1.4 Hexes
 + Level 1.4 Charms
 + Level 1.4 Summonings
 + Level 1.4 Necromancy
 + Level 1.4 Translocations
 + Level 1.4 Transmutations
 + Level 1.4 Fire Magic
 + Level 1.4 Ice Magic
 + Level 1.4 Air Magic
 + Level 1.4 Earth Magic
 + Level 1.4 Poison Magic
 + Level 2.0 Invocations
 + Level 3.1 Evocations


You had 8 spell levels left.
You didn't know any spells.
Your spell library was empty.

Dungeon Overview and Level Annotations

Branches:
Dungeon (2/15)

Altars:
Kikubaaqudgha

Annotations:
D:2 Crazy Yiuf


Innate Abilities, Weirdness & Mutations

Your experience applies equally to all skills.
You have very sharp teeth.
Your uncanny sense of smell can sniff out nearby items.


Message History

Crazy Yiuf screams, "Walk senile down!"
Crazy Yiuf hits you with a +3 quarterstaff of chaos!
* * * LOW HITPOINT WARNING * * *
Crazy Yiuf barely misses you.
You slash Crazy Yiuf!
Crazy Yiuf is severely wounded.
You feel sick.
Crazy Yiuf twirls on the spot.
Crazy Yiuf hits you with a +3 quarterstaff of chaos.
* * * LOW HITPOINT WARNING * * *
You suddenly lose the ability to move!
Crazy Yiuf hits you with a +3 quarterstaff of chaos.
* * * LOW HITPOINT WARNING * * *
You feel your power leaking away.
You can move again.
You hit Crazy Yiuf.
Crazy Yiuf is severely wounded.
You feel sick.
Crazy Yiuf hits you with a +3 quarterstaff of chaos!
You die...

#.#.#.###
#....#
#.#.#...#
♣....♣
############
#.#.#...#
♣♣...♣
#....<......
#)#.#.###
♣♣.♣♣
#...#.##.#..
####.#.#.#
♣♣.♣
###.#.##.#..
#......#.#
♣.♣♣
#.#.##.#..
#.##.###.#
♣♣.♣
#.#.##)#..
#.##.# #.#
♣.♣♣
#.#.##.##.
#.##.###.###
#@#
#.#.##.##.
#.##.......#
#.g.#
#.#.##.##.
...#####.###
#...#
#.#....##.
#### #.#
#)..#
#.##...##.
#.# #####
#.####.##.
#.###
#.........
#...#
#.########
##### ###


You could see Crazy Yiuf.

Vanquished Creatures
  Sigmund (D:2)
  3 adders (D:2)
  A worm (D:2)
  A dart slug (D:1)
  4 leopard geckos
  A ball python (D:1)
  9 bats
  6 giant cockroaches (D:1)
  9 goblins
  7 hobgoblins
  A quokka (D:2)
  2 frilled lizards (D:2)
  3 kobolds
  8 rats
56 creatures vanquished.

Notes
Turn   | Place    | Note
-------+----------+-------------------------------------------
     0 | D:1      | Elric the Gnoll Wanderer began the quest for the Orb.
     0 | D:1      | Elric set off with the following items: a +0 hand crossbow,
                  | a box of beasts, 24 bolts, a +0 ring mail, a ration
     0 | D:1      | Reached XP level 1. HP: 17/17 MP: 2/2
   118 | D:1      | Reached XP level 2. HP: 23/23 MP: 3/3
   411 | D:1      | Reached XP level 3. HP: 28/28 MP: 4/4
   643 | D:1      | Reached skill level 1 in Invocations
   710 | D:2      | Found an ancient bone altar of Kikubaaqudgha.
   863 | D:2      | Noticed Sigmund
   868 | D:2      | Killed Sigmund
   868 | D:2      | Reached skill level 1 in Short Blades
   868 | D:2      | Reached skill level 1 in Long Blades
   868 | D:2      | Reached skill level 1 in Axes
   868 | D:2      | Reached skill level 1 in Maces & Flails
   868 | D:2      | Reached skill level 1 in Polearms
   868 | D:2      | Reached skill level 1 in Staves
   868 | D:2      | Reached skill level 1 in Slings
   868 | D:2      | Reached skill level 1 in Throwing
   868 | D:2      | Reached skill level 1 in Dodging
   868 | D:2      | Reached skill level 1 in Stealth
   868 | D:2      | Reached skill level 1 in Unarmed Combat
   868 | D:2      | Reached skill level 1 in Spellcasting
   868 | D:2      | Reached skill level 1 in Conjurations
   868 | D:2      | Reached skill level 1 in Hexes
   868 | D:2      | Reached skill level 1 in Charms
   868 | D:2      | Reached skill level 1 in Summonings
   868 | D:2      | Reached skill level 1 in Necromancy
   868 | D:2      | Reached skill level 1 in Translocations
   868 | D:2      | Reached skill level 1 in Transmutations
   868 | D:2      | Reached skill level 1 in Fire Magic
   868 | D:2      | Reached skill level 1 in Ice Magic
   868 | D:2      | Reached skill level 1 in Air Magic
   868 | D:2      | Reached skill level 1 in Earth Magic
   868 | D:2      | Reached skill level 1 in Poison Magic
   868 | D:2      | Reached XP level 4. HP: 8/35 MP: 4/6
   868 | D:2      | Reached XP level 5. HP: 9/41 MP: 4/7
  1366 | D:2      | Reached XP level 6. HP: 47/47 MP: 8/8
  1851 | D:2      | Found a runed translucent door.
  1852 | D:2      | Noticed Crazy Yiuf
  2064 | D:2      | Paralysed by Crazy Yiuf for 2 turns
  2066 | D:2      | Mangled by Crazy Yiuf

Levels and vault maps discovered:
D:1:      dpeg_arrival_brainrot, layout_basic
D:2:      layout_basic, old_standard_altar, uniq_sigmund,
          uniq_crazy_yiuf_cottage

Skill      XL: |  1  2  3  4  5  6 |
---------------+-------------------+-----
Invocations    | 1 2 |  2.0
Fighting       | 3 |  3.1
Short Blades   | 1 |  1.8
Long Blades    | 1 |  1.8
Axes           | 1 |  1.8
Maces & Flails | 1 |  1.8
Polearms       | 1 |  1.8
Staves         | 1 |  1.8
Slings         | 1 |  1.8
Throwing       | 1 |  1.8
Dodging        | 1 |  1.8
Stealth        | 1 |  1.8
Shields        | 3 |  3.1
Unarmed Combat | 1 |  1.8
Spellcasting   | 1 |  1.8
Conjurations   | 1 |  1.4
Hexes          | 1 |  1.4
Charms         | 1 |  1.4
Summonings     | 1 |  1.4
Necromancy     | 1 |  1.4
Translocations | 1 |  1.4
Transmutations | 1 |  1.4
Fire Magic     | 1 |  1.4
Ice Magic      | 1 |  1.4
Air Magic      | 1 |  1.4
Earth Magic    | 1 |  1.4
Poison Magic   | 1 |  1.4
Evocations     | 3 |  3.1
Bows           | |  4.9
Crossbows      | |  4.9
Armour         | |  6.8

Action                   |  1- 3 |  4- 6 || total
-------------------------+-------+-------++-------
Melee: Scythe            |       |    58 ||    58
       Bite              |       |     6 ||     6
 Fire: Hand crossbow     |    89 |       ||    89
Throw: Javelin           |       |     1 ||     1
 Stab: Sleeping          |       |     6 ||     6
       Distracted        |       |     1 ||     1
  Eat: Chunk             |       |     2 ||     2
Armor: Plate armour      |    21 |       ||    21
       Robe              |       |    16 ||    16
Dodge: Dodged            |     4 |    41 ||    45

Table legend:
 A = Non-vault XP
 B = Vault XP
 C = Vault XP percentage of total XP
 D = Non-vault monster count
 E = Vault monster count
 F = Vault count percentage of total count
                 A         B        C        D         E       F
            +---------+---------+-------+---------+---------+-------
      Total |     136 |     238 |  63.6 |      55 |       1 |   1.8
            +---------+---------+-------+---------+---------+-------
        D:1 |      57 |       0 |   0.0 |      30 |       0 |   0.0
        D:2 |      79 |     238 |  75.1 |      25 |       1 |   3.8
            +---------+---------+-------+---------+---------+-------
